 Dungeon Crawl Stone Soup version 0.29-a0-553-g81b289dbe5 (webtiles) character file.

Game seed: 5420214439340625633

4771 croobank the Covert (level 10, -8/82 HPs)
             Began as a Gnoll Delver on June 6, 2022.
             Was an Initiate of Gozag.
             Mangled by a shadow (26 damage)
             ... on level 9 of the Dungeon.
             The game lasted 00:50:03 (10624 turns).

croobank the Covert (Gnoll Delver)                 Turns: 10624, Time: 00:50:04

Health: -8/82      AC: 13    Str: 14    XL:     10   Next: 47%
Magic:  11/17      EV: 14    Int: 20    God:    Gozag
Gold:   379        SH:  0    Dex: 14    Spells: 6/19 levels left

rFire   + + .      SeeInvis .   a - +1 war axe
rCold   . . .      Faith    .   (no shield)
rNeg    . . .      Spirit   .   r - +0 troll leather armour
rPois   .          Reflect  .   H - +0 helmet
rElec   .          Harm     .   e - +1 cloak {rCorr}
rCorr   +          Rampage  .   x - +1 pair of gloves
Will    +....                   M - +2 pair of boots
Stlth   ++++......              (no amulet)
HPRegen 1.03/turn               p - ring "Qess" {rF++ Str+3 Int+6}
MPRegen 0.15/turn               f - ring of willpower

@: no status effects
A: fangs 1, strong nose, distributed training
a: Renounce Religion, Potion Petition, Call Merchant, Bribe Branch


You were on level 9 of the Dungeon.
You worshipped Gozag.
Gozag was aware of your devotion.
You visited 2 branches of the dungeon, and saw 10 of its levels.

You collected 612 gold pieces.
You spent 25 gold pieces at shops.
You paid 208 gold pieces to Gozag.

Inventory:

Hand Weapons
 a - a +1 war axe (weapon)
 b - a +0 hunting sling
 h - a +1 quarterstaff
 n - a +0 dagger
 B - a +0 scythe
 E - a +0 dire flail of protection
 G - a +0 halberd
 J - a +2 flail of protection
 N - a +4 short sword
 Q - a +0 trident
Missiles
 l - 262 stones
 m - 3 boomerangs
 z - 14 poisoned darts (quivered)
Armour
 e - a +1 cloak of preservation (worn)
 q - the +3 leather armour "Gevef" {+Blink rN+++ Will- Dex-5}
   (You found it on level 3 of the Dungeon)

   Dex:       It affects your dexterity (-5).
   rN:        It renders you almost immune to negative energy.
   +Blink:    It lets you blink.
   Will:      It decreases your willpower.
 r - a +0 troll leather armour (worn)
 u - a +2 hat
 x - a +1 pair of gloves (worn)
 y - a +0 scale mail
 A - a +0 ring mail
 H - a +0 helmet (worn)
 M - a +2 pair of boots (worn)
 O - a +1 leather armour of willpower
 P - a +2 scale mail of poison resistance
Jewellery
 f - a ring of willpower (right hand)
 p - the ring "Qess" (left hand) {rF++ Str+3 Int+6}
   (You acquired it on level 3 of the Dungeon)

   [ring of intelligence]

   Str:       It affects your strength (+3).
   Int:       It affects your intelligence (+6).
   rF:        It greatly protects you from fire.
 U - an amulet of faith
Wands
 d - a wand of polymorph (7)
 g - a wand of digging (3)
 R - a wand of mindburst (1)
Scrolls
 c - 3 scrolls of fog
 k - a scroll of magic mapping
 s - a scroll of immolation
 v - 5 scrolls of teleportation
 w - a scroll of identify
 C - 2 scrolls of torment
 S - a scroll of silence
 T - 2 scrolls of enchant armour {unknown}
Potions
 i - 2 potions of ambrosia
 j - a potion of flight
 o - 4 potions of curing
 t - 2 potions of mutation
 D - a potion of resistance
 F - 3 potions of heal wounds
 I - 2 potions of brilliance
 K - a potion of berserk rage {unknown}
 L - a potion of attraction {unknown}


   Skills:
 + Level 8.5 Fighting
 + Level 5.3 Short Blades
 + Level 5.3 Long Blades
 + Level 7.1 Axes
 + Level 5.3 Maces & Flails
 + Level 5.3 Polearms
 + Level 5.3 Staves
 + Level 5.3 Slings
 + Level 5.3 Bows
 + Level 5.3 Crossbows
 + Level 5.3 Throwing
 + Level 5.3 Armour
 + Level 7.1 Dodging
 + Level 11.0 Stealth
 + Level 5.3 Shields
 + Level 5.3 Unarmed Combat
 + Level 5.3 Spellcasting
 + Level 4.4 Conjurations
 + Level 4.4 Hexes
 + Level 4.4 Summonings
 + Level 4.4 Necromancy
 + Level 4.4 Translocations
 + Level 4.4 Transmutations
 + Level 4.4 Fire Magic
 + Level 4.4 Ice Magic
 + Level 4.4 Air Magic
 + Level 4.4 Earth Magic
 + Level 4.4 Poison Magic
 + Level 5.8 Invocations
 + Level 5.3 Evocations


You had 6 spell levels left.
You knew the following spells:

 Your Spells              Type           Power      Damage    Failure   Level
a - Confusing Touch       Hex            22%        N/A       7%          3
b - Flame Wave            Conj/Fire      22%        2d7       22%         4
c - Mephitic Cloud        Conj/Pois/Air  22%        N/A       7%          3
d - Ignite Poison         Fire/Tmut/Pois 22%        N/A       7%          3

Your spell library contained the following spells:

 Spells                   Type           Power      Damage    Failure   Level
 Conjure Flame            Conj/Fire      22%        6-21      7%          3
 Swiftness                Air            22%        N/A       7%          3
 Hailstorm                Conj/Ice       22%        3d7       22%         4
 Sticky Flame             Conj/Fire      22%        2d4       22%         4
 Yara's Violent Unravell  Hex/Tmut       11%        3d6       54%         5
 Enfeeble                 Hex            11%        N/A       100%        7
 Spellforged Servitor     Conj/Summ      11%        N/A       100%        7
 Storm Form               Tmut/Air       11%        N/A       100%        7


Dungeon Overview and Level Annotations

Branches:
Dungeon (9/15)             Temple (1/1) D:4            Lair (0/6) D:8
    Orc: D:9-12

Altars:
Ashenzari
Cheibriados
Dithmenos
Elyvilon
Fedhas
Gozag
Hepliaklqana
Kikubaaqudgha
Makhleb
Nemelex Xobeh
Okawaru
Qazlal
Ru
Sif Muna
Trog
Uskayaw
Vehumet
Wu Jian
Xom
Yredelemnul
Zin
The Shining One

Shops:
D:8 *

Annotations:
D:4 1 runed translucent door, Crazy Yiuf
D:6 Menkaure


Innate Abilities, Weirdness & Mutations

You have very sharp teeth.
Your uncanny sense of smell can sniff out nearby items.
Your experience applies equally to all skills.


Message History

You are engulfed in noxious fumes.
You choke on the stench!
You are confused.
You hear an angry buzzing noise. x2
The kobold brigand is engulfed in noxious fumes.
The kobold brigand appears confused.
The yak is engulfed in noxious fumes.
The yak appears confused.
The shadow strikes at you from the darkness!
Reactivating autopickup.
You hear a shout!
You feel better.
You are engulfed in noxious fumes.
You choke on the stench!
You are confused.
The yak is engulfed in noxious fumes.
The yak barely misses the shadow.
The yak gores itself.
The shadow hits you.
You bump into the rock wall.
You feel less confused.
The shadow slips into darkness.
The shadow flickers and vanishes!
Deactivating autopickup; reactivate with Ctrl-A.
The shadow strikes at you from the darkness!
* * * LOW HITPOINT WARNING * * *
Reactivating autopickup.
The yak is engulfed in noxious fumes.
The yak appears confused.
A killer bee comes into view.
The shadow attacks as you move away! The shadow hits you.
The shadow attacks as you move away! The shadow closely misses you.
The kobold brigand cries, "My head!
MY HEAD!!!"
Your magical contamination has completely faded away.
The shadow slips into darkness.
The shadow flickers and vanishes!
Deactivating autopickup; reactivate with Ctrl-A.
The shadow strikes at you from the darkness!
* * * LOW HITPOINT WARNING * * *
Reactivating autopickup.
The shadow slips into darkness.
The shadow flickers and vanishes!
Deactivating autopickup; reactivate with Ctrl-A.
There is a stone staircase leading up here.
The shadow strikes at you from the darkness!
You die...
Your body crumbles into a pile of gold.

##..)........
#)...........
#............
#............
#)...........
#............
#............
#..########.....>......
#....@.....#.....##...
#########..###########
######...# ###........#
#..........#
###.....##+#.#
##.....### .# ##.....##
.# ..#......# .#


There were no monsters in sight!

Vanquished Creatures
  A two-headed ogre (D:8)
  A troll (D:7)
  Sigmund (D:3)
  Eustachio (D:4)
  A steam dragon (D:8)
  Grum (D:8)
  Edmund (D:4)
  5 ice beasts
  2 black bears
  An orc warrior (D:9)
  A centaur (D:8)
  5 wolves
  3 phantoms
  A kobold brigand (D:8)
  4 bullfrogs
  A gnoll sergeant (D:8)
  2 necrophages (D:7)
  2 scorpions
  3 wights
  2 electric eels (D:8)
  4 hounds
  6 orc priests
  6 iguanas
  7 orc wizards
  Robin (D:3)
  3 adders
  12 gnolls
  3 shadow imps
  A white imp (D:6)
  An ufetubus (D:5)
  2 worms
  3 dart slugs
  28 orcs
  3 ball pythons
  5 bats
  10 endoplasms
  5 giant cockroaches
  4 hobgoblins
  6 jackals
  11 kobolds
  A quokka (D:2)
  19 goblins
  3 rats
183 creatures vanquished.

Vanquished Creatures (collateral kills)
  Ijyb (D:4)
1 creature vanquished.

Vanquished Creatures (others)
  A wolf (D:8)
1 creature vanquished.

Grand Total: 185 creatures vanquished

Notes
Turn   | Place    | Note
-------+----------+-------------------------------------------
     0 | D:5      | Reached skill level 9 in Stealth
     0 | D:5      | croobank the Gnoll Delver began the quest for the Orb.
     0 | D:5      | Reached XP level 1. HP: 23/23 MP: 1/1
    53 | D:4      | Noticed a black bear
    85 | D:4      | Noticed Edmund
    86 | D:4      | Found a staircase to the Ecumenical Temple.
   186 | D:2      | Reached XP level 2. HP: 29/29 MP: 2/2
   217 | D:1      | Reached XP level 3. HP: 35/35 MP: 3/3
   624 | D:1      | Reached skill level 1 in Invocations
   933 | D:2      | Reached skill level 1 in Short Blades
   933 | D:2      | Reached skill level 1 in Long Blades
   933 | D:2      | Reached skill level 1 in Maces & Flails
   933 | D:2      | Reached skill level 1 in Polearms
   933 | D:2      | Reached skill level 1 in Staves
   933 | D:2      | Reached skill level 1 in Slings
   933 | D:2      | Reached skill level 1 in Bows
   933 | D:2      | Reached skill level 1 in Crossbows
   933 | D:2      | Reached skill level 1 in Throwing
   933 | D:2      | Reached skill level 1 in Armour
   933 | D:2      | Reached skill level 1 in Shields
   933 | D:2      | Reached skill level 1 in Unarmed Combat
   933 | D:2      | Reached skill level 1 in Spellcasting
   933 | D:2      | Reached skill level 1 in Evocations
   933 | D:2      | Reached XP level 4. HP: 32/41 MP: 5/5
  1197 | D:2      | Found a faded altar of an unknown god.
  1367 | D:2      | Reached skill level 1 in Conjurations
  1367 | D:2      | Reached skill level 1 in Hexes
  1367 | D:2      | Reached skill level 1 in Summonings
  1367 | D:2      | Reached skill level 1 in Necromancy
  1367 | D:2      | Reached skill level 1 in Translocations
  1367 | D:2      | Reached skill level 1 in Transmutations
  1367 | D:2      | Reached skill level 1 in Fire Magic
  1367 | D:2      | Reached skill level 1 in Ice Magic
  1367 | D:2      | Reached skill level 1 in Air Magic
  1367 | D:2      | Reached skill level 1 in Earth Magic
  1367 | D:2      | Reached skill level 1 in Poison Magic
  1739 | D:3      | Noticed Robin
  1859 | D:3      | Found a blossoming altar of Fedhas.
  1945 | D:3      | Noticed Sigmund
  1949 | D:3      | Killed Sigmund
  1950 | D:3      | Reached XP level 5. HP: 47/47 MP: 5/7
  1950 | D:3      | Reached XP level 6. HP: 53/53 MP: 5/8
  1997 | D:3      | Identified a scroll of acquirement
  1997 | D:3      | Acquired the ring "Qess" {rF++ Str+3 Int+6}
  2250 | D:3      | Identified the +3 leather armour "Gevef" {+Blink rN+++
                  | Will- Dex-5}
  2270 | D:3      | Learned a level 3 spell: Confusing Touch
  2401 | D:3      | Reached skill level 5 in Axes
  2401 | D:3      | Reached skill level 5 in Dodging
  2727 | D:3      | Killed Robin
  2814 | D:4      | Noticed Eustachio
  2818 | D:4      | Killed Edmund
  2819 | D:4      | Reached XP level 7. HP: 59/59 MP: 10/10
  2824 | D:4      | Killed Eustachio
  2850 | Temple   | Entered the Ecumenical Temple
  2979 | D:4      | Found a hazy altar of Hepliaklqana.
  3005 | D:4      | Reached skill level 10 in Stealth
  3241 | D:4      | Noticed Ijyb
  3256 | D:4      | Killed Ijyb
  3291 | D:4      | Found a sparkling altar of Nemelex Xobeh.
  3321 | D:4      | Reached XP level 8. HP: 60/67 MP: 12/12
  3438 | D:4      | Found a runed translucent door.
  3439 | D:4      | Noticed Crazy Yiuf
  3746 | D:4      | Found a shimmering blue altar of Sif Muna.
  5864 | D:6      | Noticed Menkaure
  6756 | D:7      | Reached XP level 9. HP: 72/72 MP: 14/14
  6927 | D:7      | Acquired Sif Muna's Disquisition on Combat Magic and
                  | Feathers
  7972 | D:7      | Found a shadowy altar of Dithmenos.
  8347 | D:8      | Noticed Grum
  8763 | D:8      | Killed Grum
  8768 | D:8      | Reached skill level 5 in Invocations
  8774 | D:8      | Noticed a troll
  8814 | D:7      | Reached XP level 10. HP: 44/80 MP: 17/17
  9172 | D:7      | Learned a level 4 spell: Flame Wave
  9176 | D:7      | Learned a level 3 spell: Mephitic Cloud
  9180 | D:7      | Learned a level 3 spell: Ignite Poison
  9250 | D:7      | Reached skill level 5 in Short Blades
  9250 | D:7      | Reached skill level 5 in Long Blades
  9250 | D:7      | Reached skill level 5 in Maces & Flails
  9250 | D:7      | Reached skill level 5 in Polearms
  9250 | D:7      | Reached skill level 5 in Staves
  9250 | D:7      | Reached skill level 5 in Slings
  9250 | D:7      | Reached skill level 5 in Bows
  9250 | D:7      | Reached skill level 5 in Crossbows
  9250 | D:7      | Reached skill level 5 in Throwing
  9250 | D:7      | Reached skill level 5 in Armour
  9250 | D:7      | Reached skill level 5 in Shields
  9250 | D:7      | Reached skill level 5 in Unarmed Combat
  9250 | D:7      | Reached skill level 5 in Spellcasting
  9250 | D:7      | Reached skill level 5 in Evocations
  9596 | D:8      | Noticed a two-headed ogre
  9610 | D:8      | Killed a two-headed ogre
  9686 | D:8      | Found a staircase to the Lair.
  9990 | D:8      | Found Elus's CLEARANCE SALE!.
  9998 | D:8      | Bought a potion of heal wounds for 25 gold pieces
 10417 | D:9      | Found a shimmering altar of Xom.
 10426 | D:9      | Found an opulent altar of Gozag.
 10431 | D:9      | Became a worshipper of Gozag Ym Sagoz the Greedy
 10455 | D:9      | Reached skill level 11 in Stealth
 10560 | D:9      | Found a burning altar of Makhleb.
 10563 | D:9      | Found an iron altar of Okawaru.
 10624 | D:9      | Mangled by a shadow

Illustrated notes

Levels and vault maps discovered:
D:1:      scummos_arrival_star, layout_loops_ring, hangedman_decor_growths
D:2:      layout_rooms, serial_corexii_hall, chequers_hall_statues_corner_a,
          chequers_hall_statues_wall_a, corexii_hall_statues_s,
          chequers_hall_statues_y, hellmonk_ecumenical_altar_heavens_door
D:3:      layout_basic, lemuel_round_altar, uniq_robin, uniq_sigmund
D:4:      layout_loops_ring, marbit_many_paths, nemelex_spade_bored_becter,
          mainiacjoe_overflow_surrounded_room, minmay_temple_entry_grid,
          portal_sewer_entry_d, kennysheep_generic_room_6, uniq_edmund,
          uniq_eustachio, uniq_ijyb, uniq_crazy_yiuf_cottage
D:5:      layout_basic
D:6:      layout_basic, uniq_menkaure
D:7:      layout_basic, nicolae_overflow_hidden_temple
D:8:      layout_basic, erik_lair_island, kennysheep_cross_bottleneck,
          nicolae_shop_clearance, uniq_grum
D:9:      minmay_s_stair_smasher, layout_rooms, minitemple, zombieorc2_lemuel,
          uniq_harold, uniq_maggie
Temple:   cyrus_circular_temple

Skill      XL: |  1  2  3  4  5  6  7  8  9 10 |
---------------+-------------------------------+-----
Stealth        | 10 11 | 11.0
Invocations    | 1 2 3 4 5 |  5.8
Short Blades   | 1 2 3 4 5 |  5.3
Long Blades    | 1 2 3 4 5 |  5.3
Maces & Flails | 1 2 3 4 5 |  5.3
Polearms       | 1 2 3 4 5 |  5.3
Staves         | 1 2 3 4 5 |  5.3
Slings         | 1 2 3 4 5 |  5.3
Bows           | 1 2 3 4 5 |  5.3
Crossbows      | 1 2 3 4 5 |  5.3
Throwing       | 1 2 3 4 5 |  5.3
Armour         | 1 2 3 4 5 |  5.3
Shields        | 1 2 3 4 5 |  5.3
Unarmed Combat | 1 2 3 4 5 |  5.3
Spellcasting   | 1 2 3 4 5 |  5.3
Evocations     | 1 2 3 4 5 |  5.3
Conjurations   | 1 2 3 4 |  4.4
Hexes          | 1 2 3 4 |  4.4
Summonings     | 1 2 3 4 |  4.4
Necromancy     | 1 2 3 4 |  4.4
Translocations | 1 2 3 4 |  4.4
Transmutations | 1 2 3 4 |  4.4
Fire Magic     | 1 2 3 4 |  4.4
Ice Magic      | 1 2 3 4 |  4.4
Air Magic      | 1 2 3 4 |  4.4
Earth Magic    | 1 2 3 4 |  4.4
Poison Magic   | 1 2 3 4 |  4.4
Axes           | 5 6 7 |  7.1
Dodging        | 5 6 7 |  7.1
Fighting       | 7 8 |  8.5

Action                   |  1- 3 |  4- 6 |  7- 9 | 10-12 || total
-------------------------+-------+-------+-------+-------++-------
Melee: Hand axe          |    19 |       |       |       ||    19
       Bite              |     5 |     9 |    28 |    16 ||    58
       Dagger            |    28 |     2 |    12 |    11 ||    53
       Quarterstaff      |    18 |    78 |   191 |       ||   287
       War axe           |       |    45 |   170 |    81 ||   296
       Punch             |       |       |       |     4 ||     4
Throw: Stone             |       |       |     1 |       ||     1
       Dart              |       |       |       |     2 ||     2
 Cast: Mephitic Cloud    |       |       |       |     8 ||     8
       Ignite Poison     |       |       |       |     5 ||     5
       Confusing Touch   |       |       |       |     4 ||     4
       Flame Wave        |       |       |       |     1 ||     1
Evoke: Wand              |       |       |     4 |       ||     4
  Use: Scroll            |     6 |     8 |    17 |     1 ||    32
       Potion            |       |     3 |     3 |     1 ||     7
 Stab: Sleeping          |     9 |     7 |    18 |     2 ||    36
       Invisible         |       |     2 |       |       ||     2
       Confused          |       |       |       |     4 ||     4
Armor: Leather armour    |     9 |    50 |   193 |    32 ||   284
       Skin              |       |     6 |    42 |       ||    48
       Troll leather arm |       |       |       |    21 ||    21
Dodge: Dodged            |    45 |    88 |   303 |   101 ||   537

Table legend: (Time is in decaauts)
 A = Elapsed time spent in this place.
 B = Non-inter-level travel time spent in this place.
 C = Inter-level travel time spent in this place.
 D = Time resting spent in this place.
 E = Time spent auto-exploring this place.
 F = Levels seen in this place.
 G = Mean time per level.
                   A        B        C        D        E       F      G
               +--------+--------+--------+--------+--------+-----+--------+
         Total |  10718 |  10332 |    386 |   1929 |   6367 |  10 | 1071.8 |
       Dungeon |  10664 |  10288 |    376 |   1929 |   6329 |   9 | 1184.9 |
        Temple |     53 |     44 |      9 |      0 |     38 |   1 |   53.0 |
               +--------+--------+--------+--------+--------+-----+--------+

Top non-repeatable levels by time:
     D:7: 2552 daAuts
     D:5: 1493 daAuts
     D:6: 1261 daAuts
     D:4: 1220 daAuts
     D:3: 1186 daAuts
     D:8: 1142 daAuts
     D:2: 840 daAuts
     D:1: 715 daAuts
     D:9: 252 daAuts
  Temple: 53 daAuts
